 Dungeon Crawl Stone Soup version 0.29.1-15-g9cfb28693d (webtiles) character file.

Game seed: 90513581837816233

28595 safid the Transmogrifier (level 13, -5/108 HPs)
             Began as a Merfolk Ice Elementalist on Mar 2, 2023.
             Was a High Priest of Vehumet.
             Slain by an orc warrior
             ... wielding a +0 scimitar
             ... led by an orc warlord
              (8 damage)
             ... on level 2 of the Orcish Mines on Mar 3, 2023.
             The game lasted 00:58:26 (17035 turns).

safid the Transmogrifier (MfIE)                    Turns: 17035, Time: 00:58:28

Health: -5/108     AC: 11    Str:  8    XL:     13   Next: 39%
Magic:  33/36      EV: 12    Int: 20    God:    Vehumet [*****.]
Gold:   979        SH:  5    Dex: 14    Spells: 10/32 levels left

rFire   . . .      SeeInvis .   P - +6 whip "Sillekh" {drain, Fly}
rCold   . . .      Faith    .   e - orb {light}
rNeg    . . .      Spirit   .   M - +2 troll leather armour
rPois   .          Reflect  +   (no helmet)
rElec   .          Harm     .   D - +2 cloak
rCorr   .          Rampage  .   A - +1 pair of gloves
Will    .....                   (no boots)
Stlth   +.........              s - amulet of reflection
HPRegen 1.08/turn               J - ring of magical power
MPRegen 0.25/turn               (no ring)

@: flying, glowing
A: (nimble swimmer 2), mertail
a: Renounce Religion


You were on level 2 of the Orcish Mines.
You worshipped Vehumet.
Vehumet was extremely pleased with you.
You visited 3 branches of the dungeon, and saw 13 of its levels.

You collected 1135 gold pieces.
You spent 156 gold pieces at shops.

Inventory:

Hand Weapons
 I - a +5 flail of freezing
 P - the +6 whip "Sillekh" (weapon) {drain, Fly}
   (You found it on level 10 of the Dungeon)

   A truly terrible weapon, it drains the life of any living foe it strikes.
   Fly:       It grants you flight.
Missiles
 F - 5 curare-tipped darts
Armour
 e - an orb of light (worn)
 A - a +1 pair of gloves (worn)
 D - a +2 cloak (worn)
 M - a +2 troll leather armour (worn)
Jewellery
 s - an amulet of reflection (around neck)
 J - a ring of magical power (left hand)
Wands
 a - a wand of digging (8)
 t - a wand of charming (13)
 v - a wand of iceblast (6)
 y - a wand of flame (15)
 H - a wand of acid (8)
 L - a wand of mindburst (7)
 O - a wand of polymorph (4)
Scrolls
 c - 2 scrolls of torment {unknown}
 h - 2 scrolls of immolation
 m - 2 scrolls of brand weapon {unknown}
 n - a scroll of fear {unknown}
 o - 2 scrolls of enchant weapon
 q - 2 scrolls of noise {unknown}
 u - a scroll of magic mapping {unknown}
 w - 3 scrolls of fog
 x - 2 scrolls of poison {unknown}
 C - 5 scrolls of teleportation
 E - a scroll of summoning {unknown}
 K - a scroll of blinking {unknown}
 N - a scroll of acquirement {unknown}
 Q - a scroll of identify
Potions
 b - a potion of magic
 d - 2 potions of cancellation {unknown}
 f - a potion of invisibility {unknown}
 g - 3 potions of might
 i - a potion of experience {unknown}
 j - 4 potions of curing
 k - 3 potions of mutation {unknown}
 l - 4 potions of attraction
 p - 5 potions of flight
 r - 3 potions of brilliance
 z - 4 potions of heal wounds {unknown}
 B - 2 potions of ambrosia
 G - 4 potions of lignification


   Skills:
 - Level 12.0 Fighting
 - Level 2.6 Dodging
 - Level 2.1 Stealth
 - Level 10.0 Spellcasting
 + Level 14.3 Transmutations
 + Level 14.2 Ice Magic


You had 10 spell levels left.
You knew the following spells:

 Your Spells              Type           Power      Damage    Failure   Level
a - Freeze                Ice            100%       1d11      1%          1
b - Frozen Ramparts       Ice            100%       1d16      1%          3
c - Ozocubu's Armour      Ice            61%        N/A       1%          3
d - Hailstorm             Conj/Ice       38%        3d9       1%          4
e - Ice Form              Ice/Tmut       61%        N/A       1%          4
f - Dragon Form           Tmut           30%        N/A       24%         7

Your spell library contained the following spells:

 Spells                   Type           Power      Damage    Failure   Level
 Conjure Ball Lightning   Conj/Air       5%         3x3d6     97%         6
 Ignite Poison            Fire/Tmut/Pois 29%        N/A       1%          3
 Blade Hands              Tmut           30%        N/A       1%          5
 Magic Dart               Conj           40%        1d5       2%          1
 Searing Ray              Conj           20%        2d5       4%          2
 Irradiate                Conj/Tmut      19%        3d18      4%          5
 Ozocubu's Refrigeration  Ice            30%        4d14      7%          7
 Conjure Flame            Conj/Fire      10%        6-21      9%          3
 Slow                     Hex            40%        N/A       10%         1
 Fulminant Prism          Conj/Hex       5%         3d7       24%         4
 Sticky Flame             Conj/Fire      10%        2d3       24%         4
 Call Canine Familiar     Summ           10%        N/A       30%         3
 Confusing Touch          Hex            10%        N/A       30%         3
 Portal Projectile        Hex/Tloc       20%        N/A       30%         3
 Vampiric Draining        Necr           10%        2d6       30%         3
 Animate Dead             Necr           10%        N/A       69%         4
 Leda's Liquefaction      Hex/Erth       5%         N/A       69%         4


Dungeon Overview and Level Annotations

Branches:
Dungeon (10/15)            Temple (1/1) D:4             Orc (2/2) D:9
    Elf (0/3) Orc:2
   Lair: D:8-11

Altars:
Ashenzari
Cheibriados
Dithmenos
Elyvilon
Fedhas
Gozag
Hepliaklqana
Kikubaaqudgha
Makhleb
Nemelex Xobeh
Okawaru
Qazlal
Ru
Sif Muna
Trog
Uskayaw
Vehumet
Wu Jian
Xom
Yredelemnul
Zin
The Shining One

Shops:
D:2 (   D:3 *   D:5 [   D:10 !   Orc:1 :   Orc:2 =([

Annotations:
D:5 2 transporters, javelincjr's ghost, novice DjCj


Innate Abilities, Weirdness & Mutations

((You are very nimble when in or above water. (Stealth+, EV+, Speed+++)))
Your lower body shifts to a powerful aquatic tail in water.


Message History

Unknown command.
Casting: Hailstorm (mildly dangerous; 1% risk of failure)
Confirm with . or Enter, or press ? or * to list all spells.
A film of ice covers your body!
An orc comes into view. It is wielding a +0 dagger.
The orc hits you with a +2 flail of protection!
The orc priest completely misses you. You block the orc warrior's attack.
The orc closely misses you. You block the orc warrior's attack. x2
The orc warrior hits you with a +0 glaive!!
The orc warlord closely misses you. The orc hits you but does no damage.
The orc warrior barely misses you.
The orc priest miscasts a cantrip.
You block the orc warrior's attack. The orc hits you but does no damage.
The orc warrior barely misses you. You block the orc warrior's attack.
The orc warlord hits you with a +0 dire flail!!
* * * LOW HITPOINT WARNING * * *
You can't go up here!
Unknown command.
Your icy armour will break if you move.
Continue?
You block the orc's attack.
The orc warrior hits you but does no damage.
The orc warrior hits you with a +0 short sword.
* * * LOW HITPOINT WARNING * * *
The orc priest hits you but does no damage.
The orc barely misses you. The orc warrior barely misses you.
The orc warrior hits you with a +0 long sword.
* * * LOW HITPOINT WARNING * * *
The orc warlord hits you with a +0 dire flail!!
* * * LOW HITPOINT WARNING * * *
You fly downwards.
Your icy armour cracks and falls away as you move.
There is a stone staircase leading up here.
As you read the scroll labelled PYTATSIKLI, it crumbles to dust.
The creatures around you are filled with an inner flame!
It was a scroll of immolation.
You block the orc warrior's attack. The orc warrior misses you.
The orc hits you but does no damage. You block the orc's attack.
The orc warrior hits you but does no damage.
The orc warrior hits you with a +0 scimitar!
You die...

##.#........#......#
#####.......#.....# ###
###..........### #.##
######..........#.) ##.#
###...##..........#..
#..####......##.........#..
#.#..#........##........###
#...[)[).ooo.............8#
#..#))...o@o..............'
##.###...ooo.............8#
##...###.......##........###
#....# ##.....##.....))..#..
##...## ##...##......#)).#..
#...)## ######.....##..##..
##.#))####..##.....#.).####
#####....#........##...##..
#...#..#..........#....##.}


You could see an orc warlord (inner flame), 4 orc warriors, an orc priest (inner
flame, strong) and 2 orcs.

Vanquished Creatures
  An ettin (Orc:2)
  A hydra (D:7)
  3 two-headed ogres (Orc:2)
  5 hell knights (D:10)
  2 orc high priests
  Sonja (Orc:2)
  3 orc knights (Orc:2)
  8 orc sorcerers
  2 necromancers (D:10)
  A komodo dragon (D:10)
  3 trolls
  A wraith (D:7)
  23 yaks
  7 vampire mosquitoes (D:10)
  2 wargs
  2 water moccasins
  7 hell hounds (D:10)
  40 orc warriors
  A swamp drake (D:9)
  2 black bears
  2 sky beasts
  An ice beast (D:6)
  2 centaurs
  13 ogres
  2 phantoms
  3 kobold brigands
  A necrophage (D:7)
  5 scorpions
  10 wights
  18 killer bees
  2 howler monkeys
  An electric eel (D:7)
  23 orc priests
  2 gnoll boudas
  3 hounds
  22 orc wizards
  9 gnolls
  9 adders
  2 white imps (D:7)
  3 ufetubi (D:7)
  2 worms
  9 dart slugs
  127 orcs
  6 endoplasms
  5 giant cockroaches
  7 goblins
  6 hobgoblins
  3 jackals (D:1)
  15 kobolds
  3 quokkas
  12 ball pythons
  10 bats
  4 frilled lizards
  8 rats
465 creatures vanquished.

Vanquished Creatures (others)
  14 plants
14 creatures vanquished.

Grand Total: 479 creatures vanquished

Notes
Turn   | Place    | Note
-------+----------+-------------------------------------------
     0 | D:1      | safid the Merfolk Ice Elementalist began the quest for the
                  | Orb.
     0 | D:1      | Reached XP level 1. HP: 13/13 MP: 3/3
   195 | D:1      | Reached XP level 2. HP: 19/20 MP: 0/5
   312 | D:1      | Reached skill level 1 in Fighting
  1233 | D:1      | Reached XP level 3. HP: 26/26 MP: 6/6
  1488 | D:2      | Found Vukh's Antique Weapon Boutique.
  2419 | D:2      | Reached skill level 5 in Ice Magic
  2618 | D:2      | Reached XP level 4. HP: 33/33 MP: 8/8
  2685 | D:3      | Learned a level 3 spell: Frozen Ramparts
  2689 | D:3      | Learned a level 3 spell: Ozocubu's Armour
  2904 | D:3      | Found a blossoming altar of Fedhas.
  2960 | D:3      | Noticed a kobold brigand
  2961 | D:3      | Found a hazy altar of Hepliaklqana.
  2975 | D:3      | Killed a kobold brigand
  2976 | D:3      | Reached XP level 5. HP: 40/40 MP: 0/9
  2976 | D:3      | Found a faded altar of an unknown god.
  3353 | D:3      | Found Huankyss's Assorted Antiques.
  3444 | D:3      | Found an ornate altar of the Wu Jian Council.
  3653 | D:4      | Found a broken altar of Ashenzari.
  3707 | D:4      | Noticed a phantom
  3738 | D:4      | Killed a phantom
  3739 | D:4      | Reached XP level 6. HP: 23/47 MP: 2/11
  4254 | D:4      | Noticed a water moccasin
  4258 | D:4      | Reached XP level 7. HP: 53/54 MP: 9/13
  4529 | D:4      | Found a staircase to the Ecumenical Temple.
  4534 | Temple   | Entered the Ecumenical Temple
  4663 | Temple   | Became a worshipper of Vehumet
  4743 | D:4      | Found an iron altar of Okawaru.
  4927 | D:5      | Entered Level 5 of the Dungeon
  4987 | D:5      | Found a transporter.
  5025 | D:5      | Found a basalt altar of Yredelemnul.
  5041 | D:5      | Noticed a hornet
  5066 | D:5      | Found a transporter.
  5397 | D:5      | Reached skill level 5 in Fighting
  5624 | D:5      | Found a sparkling altar of Nemelex Xobeh.
  5893 | D:5      | Noticed javelincjr's ghost (novice DjCj)
  5925 | D:5      | Found Fereydun's Dragon-Slaying Spoils.
  6017 | D:6      | Reached skill level 5 in Spellcasting
  6017 | D:6      | Reached XP level 8. HP: 60/62 MP: 10/15
  6058 | D:6      | Learned a level 4 spell: Hailstorm
  6936 | D:6      | Found a stormy altar of Qazlal.
  6937 | D:6      | Noticed a water elemental
  6939 | D:6      | Noticed an air elemental
  7058 | D:6      | Reached * piety under Vehumet
  7058 | D:6      | Offered knowledge of Sandblast by Vehumet.
  7191 | D:6      | Noticed a yak
  7191 | D:6      | Noticed a yak
  7204 | D:6      | Noticed a yak
  7205 | D:6      | Killed a yak
  7207 | D:6      | Noticed a yak
  7210 | D:6      | Noticed a yak
  7212 | D:6      | Noticed a yak
  7212 | D:6      | Killed a yak
  7213 | D:6      | Reached XP level 9. HP: 72/72 MP: 10/18
  8178 | D:7      | Got Ywazeb's Handbook of Necrotic Graupel
  8208 | D:7      | Reached skill level 1 in Transmutations
  8390 | D:7      | Offered knowledge of Static Discharge by Vehumet.
  8396 | D:7      | Learned a level 4 spell: Ice Form
  8404 | D:7      | Learned a level 7 spell: Dragon Form
  8447 | D:7      | Reached ** piety under Vehumet
  8502 | D:7      | Reached XP level 10. HP: 46/80 MP: 15/21
  8734 | D:7      | Found a white marble altar of Elyvilon.
  8858 | D:7      | Noticed a five-headed hydra
  8867 | D:7      | Killed a five-headed hydra
  8868 | D:7      | Reached skill level 10 in Ice Magic
  9112 | D:7      | Found a glowing golden altar of the Shining One.
  9507 | D:7      | Found a hide-covered altar of Uskayaw.
  9555 | D:7      | Reached skill level 5 in Transmutations
  9827 | D:7      | Offered knowledge of Inner Flame by Vehumet.
 10373 | D:8      | Found a snail-covered altar of Cheibriados.
 10561 | D:8      | Reached *** piety under Vehumet
 11103 | D:9      | Reached XP level 11. HP: 80/86 MP: 23/23
 11593 | D:9      | Offered knowledge of Fulminant Prism by Vehumet.
 11661 | D:9      | Found a staircase to the Orcish Mines.
 12158 | D:9      | Found a shimmering blue altar of Sif Muna.
 12287 | D:9      | Reached **** piety under Vehumet
 12510 | D:10     | Entered Level 10 of the Dungeon
 12540 | D:10     | Found an ancient bone altar of Kikubaaqudgha.
 12794 | D:10     | Found Vungobis's Distillery.
 12798 | D:10     | Bought a potion of curing for 36 gold pieces
 12798 | D:10     | Bought a potion of lignification for 36 gold pieces
 12798 | D:10     | Bought a potion of brilliance for 48 gold pieces
 12798 | D:10     | Bought a potion of curing for 36 gold pieces
 12866 | D:10     | Offered knowledge of Airstrike by Vehumet.
 12978 | D:10     | Identified the +6 whip "Sillekh" {drain, Fly}
 13317 | D:10     | Noticed a hell knight
 13319 | D:10     | Noticed a necromancer
 13328 | D:10     | Killed a hell knight
 13328 | D:10     | Noticed a hell knight
 13331 | D:10     | Noticed a necromancer
 13502 | D:10     | Killed a necromancer
 13602 | D:10     | Noticed a hell knight
 13987 | D:10     | Killed a necromancer
 13988 | D:10     | Reached XP level 12. HP: 92/97 MP: 25/25
 14040 | D:10     | Killed a hell knight
 14041 | D:10     | Reached skill level 10 in Fighting
 14110 | D:10     | Killed a hell knight
 14186 | D:10     | Noticed a hell knight
 14194 | D:10     | Killed a hell knight
 14282 | D:10     | Noticed a hell knight
 14303 | D:10     | Killed a hell knight
 14596 | Orc:1    | Entered Level 1 of the Orcish Mines
 14596 | Orc:1    | Found Yphampymm's Book Boutique.
 14670 | Orc:1    | Noticed an orc high priest
 14679 | Orc:1    | Killed an orc high priest
 14679 | Orc:1    | Paralysed by an orc sorcerer for 4 turns
 14680 | Orc:1    | Reached skill level 10 in Transmutations
 14682 | Orc:1    | Reached ***** piety under Vehumet
 14687 | Orc:1    | Offered knowledge of Lee's Rapid Deconstruction by Vehumet.
 14949 | Orc:1    | Reached skill level 10 in Spellcasting
 15063 | Orc:2    | Entered Level 2 of the Orcish Mines
 15308 | Orc:2    | Noticed a two-headed ogre
 15332 | Orc:2    | Killed a two-headed ogre
 15496 | Orc:2    | Noticed an ettin
 15503 | Orc:2    | Killed an ettin
 15804 | Orc:2    | Noticed Sonja
 15812 | Orc:2    | Killed Sonja
 15963 | Orc:2    | Noticed a two-headed ogre
 15968 | Orc:2    | Killed a two-headed ogre
 15969 | Orc:2    | Reached XP level 13. HP: 107/107 MP: 27/27
 15973 | Orc:2    | Offered knowledge of Conjure Ball Lightning by Vehumet.
 16037 | Orc:2    | Found Varyxeeq's Jewellery Emporium.
 16108 | Orc:2    | Found Xocly's Weapon Shoppe.
 16613 | Orc:2    | Found a staircase to the Elven Halls.
 16788 | Orc:2    | Found Majyzoas's Armour Shop.
 16906 | Orc:2    | Noticed an orc warlord
 17028 | Orc:1    | Noticed an orc warlord
 17033 | Orc:1    | HP: 1/108 [orc warlord/+0 dire flail (19)]
 17035 | Orc:2    | Slain by an orc warrior

Illustrated notes

Levels and vault maps discovered:
D:1:      tarquinn_simple_flora_water_d, layout_basic
D:2:      minmay_general_purpose_star, layout_basic, serial_shops,
          nicolae_diamond_shop
D:3:      layout_basic, fedhas_ov_isle_minmay,
          beargit_hepliaklqana_dungeon_heroes, nzn_wu_jian_council_hall,
          serial_shops, nicolae_square_shop
D:4:      kennysheep_slugbush, layout_cave_pools, evilmike_ruin_ashenzari,
          mainiacjoe_overflow_alcove_1, minmay_temple_entry_gardened_gates,
          kennysheep_generic_room_8
D:5:      layout_loops_ring, yredelemnul_altar_generic,
          nemelex_xobeh_ov_fountains_minmay, gammafunk_ghost_hive,
          kennysheep_small_spiral, nicolae_shop_dragon_depot,
          minmay_misc_feat_diagonals
D:6:      layout_basic, nicolae_qazlal_style_of_elements
D:7:      nzn_winding_woodlands_small [nzn_winding_woodlands_5x15_lazy_stream,
          nzn_winding_woodlands_center_triple_pond,
          nzn_winding_woodlands_5x15_pathside_ponds], layout_basic,
          mainiacjoe_overflow_catwalk, tso_oasis_becter, elyvilon_altar_5
D:8:      layout_basic, mainiacjoe_overflow_cross_hatched, special_room
          [special_room_orc]
D:9:      layout_basic, kennysheep_mini, erik_orc_1, minmay_misc_feat_enclosed
D:10:     layout_loops_cross, amcnicky_altar_gilded, serial_shops, shop,
          minmay_rotating_lava
Temple:   nicolae_temple_bog_church
Orc:1:    layout_diamond_mine, basic_altar, serial_shops, shop,
          nicolae_shop_clearance, uniq_erica, uniq_jorgrun
Orc:2:    pubby_orc_utopia, uniq_sonja

Skill      XL: |  1  2  3  4  5  6  7  8  9 10 11 12 13 |
---------------+----------------------------------------+-----
Fighting       | 1 2 3 4 5 7 8 9 11 12 | 12.0
Ice Magic      | 5 6 7 8 9 12 13 14 | 14.2
Spellcasting   | 3 4 5 6 7 8 9 10 | 10.0
Transmutations | 2 6 9 11 14 | 14.3
Dodging        | |  2.6
Stealth        | |  2.1

Action                   |  1- 3 |  4- 6 |  7- 9 | 10-12 | 13-15 || total
-------------------------+-------+-------+-------+-------+-------++-------
Melee: Unarmed           |    18 |       |     2 |    12 |       ||    32
       Dagger            |    62 |    94 |   185 |     2 |       ||   343
       Tailslap          |       |       |     4 |       |       ||     4
       Flail             |       |       |       |   123 |       ||   123
       Whip              |       |       |       |   120 |    59 ||   179
 Cast: Freeze            |    48 |    40 |    22 |     6 |       ||   116
       Frozen Ramparts   |       |     8 |    38 |    95 |    18 ||   159
       Ozocubu's Armour  |       |     3 |    17 |    51 |    15 ||    86
       Ice Form          |       |       |     1 |     2 |       ||     3
       Hailstorm         |       |       |       |    76 |    23 ||    99
Evoke: Wand              |       |       |       |     1 |       ||     1
  Use: Potion            |       |     2 |     1 |     2 |     1 ||     6
       Scroll            |       |       |     5 |     5 |     2 ||    12
 Stab: Sleeping          |     3 |     1 |       |       |       ||     4
Armor: Robe              |    39 |    34 |    79 |    34 |       ||   186
       Skin              |       |       |       |     4 |       ||     4
       Troll leather arm |       |       |       |    53 |    24 ||    77
Dodge: Dodged            |    96 |    71 |    91 |   169 |    55 ||   482
Block: Orb               |       |     2 |    47 |    64 |    24 ||   137
       Reflection        |       |       |     6 |     7 |       ||    13
       Other             |       |       |       |     4 |       ||     4
